 Dungeon Crawl Stone Soup version 0.31-a0-1539-g569d6c7dce (webtiles) character file.

Game seed: 18145119835873734662

277 Flugslaktarn the Trooper (level 6, 0/56 HPs)
             Began as a Minotaur Fighter on Jan 1, 2024.
             Slain by a killer bee (5 damage)
             ... on level 4 of the Dungeon.
             The game lasted 00:01:14 (3401 turns).

Flugslaktarn the Trooper (Minotaur Fighter)         Turns: 3401, Time: 00:01:14

Health: 0/56       AC:  8    Str: 23    XL:     6   Next: 4%
Magic:  5/5        EV:  8    Int:  5    God:
Gold:   161        SH:  8    Dex:  9    Spells: 5/5 levels left

rFire   . . .        a - +0 war axe
rCold   . . .        g - +0 kite shield
rNeg    . . .        b - +0 scale mail
rPois   .            (helmet restricted)
rElec   .            (no cloak)
rCorr   .            (no gloves)
SInv    .            p - +0 pair of boots
Will    .....        (no amulet) Stlth
                     (no ring)
HPRegen 0.29/turn    (no ring)
MPRegen 0.09/turn

%: no passive effects
@: lethally poisoned (0 -> -16)
A: horns 2, retaliatory headbutt
a: no special abilities


You were on level 4 of the Dungeon.
You visited 1 branch of the dungeon, and saw 5 of its levels.

You collected 161 gold pieces.

Inventory:

Hand Weapons
 a - a +0 war axe (weapon)
Armour
 b - a +0 scale mail (worn)
 c - a +0 buckler
 g - a +0 kite shield (worn)
   (You found it on level 1 of the Dungeon)
 p - a +0 pair of boots (worn)
   (You found it on level 3 of the Dungeon)
Jewellery
 h - a ring of fire
   (You found it on level 1 of the Dungeon)
Wands
 l - a wand of acid (3)
   (You found it on level 2 of the Dungeon)
 t - a wand of iceblast (10)
   (You found it on level 4 of the Dungeon)
Scrolls
 e - 2 scrolls of fear {unknown}
 k - 3 scrolls of fog {unknown}
 m - a scroll of noise {unknown}
 n - 2 scrolls of vulnerability {unknown}
 o - 2 scrolls of silence {unknown}
 r - 2 scrolls of immolation {unknown}
 s - 2 scrolls of identify {unknown}
 u - a scroll of enchant armour {unknown}
Potions
 d - a potion of might
 f - a potion of haste {unknown}
 i - 2 potions of brilliance {unknown}
 j - 3 potions of curing {unknown}
 q - 2 potions of enlightenment {unknown}


   Skills:
 * Level 5.5 Fighting
 * Level 5.0 Axes
 + Level 4.7 Armour
 + Level 4.4 Shields


You had 5 spell levels left.
You didn't know any spells.
Your spell library contained the following spells:

 Spells                   Type           Power      Damage    Failure   Level
 Dazzling Flash           Conj/Hex       0%         N/A       100%        3
 Fulminant Prism          Conj/Alch      0%         3d5       100%        4
 Conjure Ball Lightning   Conj/Air       0%         3x3d6     100%        6
 Discord                  Hex            0%         N/A       100%        8
 Disjunction              Tloc           0%         N/A       100%        8


Dungeon Overview and Level Annotations

Branches:
Dungeon (5/15)
 Temple: D:4-7

Altars:
Ashenzari
Nemelex Xobeh
Qazlal

Annotations:
D:5 Jessica


Innate Abilities, Weirdness & Mutations

You have a pair of horns on your head.
You reflexively headbutt those who attack you in melee.


Message History

You hear an angry buzzing noise.
Things that are here:
a +0 short sword; a +0 ring mail You hit the phantom but do no damage.
You headbutt the phantom!
The phantom is moderately damaged.
You hit the orc.
The phantom hits you but does no damage.
You block the orc's attack.
You hit the orc.
You kill the orc!
You closely miss the phantom. The phantom completely misses you.
You block the killer bee's attack. The phantom barely misses you.
You hit the phantom.
The phantom is heavily damaged.
You slash the killer bee! The killer bee barely misses you.
The killer bee stings you but does no damage.
The phantom hits you.
A killer bee comes into view.
The killer bee stings you but does no damage.
There are monsters nearby!
You miss the killer bee.
The killer bee is severely wounded.
You barely miss the phantom.
The killer bee stings you but does no damage.
A hound comes into view.
The phantom barely misses you.
A killer bee comes into view.
The killer bee stings you.
You are poisoned.
The killer bee poisons you!
You miss the killer bee.
The killer bee is severely wounded.
You barely miss the phantom.
You feel sick.
The hound barks!
You hear an angry buzzing noise.
The killer bee stings you.
You are more poisoned.
The killer bee poisons you!
The killer bee stings you but does no damage.
The phantom hits you but does no damage.
The killer bee barely misses you. The phantom completely misses you.
The orc completely misses you. You furiously retaliate!
You headbutt the orc!
You kill the orc!
You barely miss the killer bee. Your headbutt misses the killer bee.
The killer bee is severely wounded.
You closely miss the phantom.
You feel very sick. You block the killer bee's attack.
A killer bee comes into view.
You block the killer bee's attack. The phantom barely misses you.
The hound stops to sniff the ground.
The killer bee barely misses you. You furiously retaliate!
You headbutt the killer bee. The killer bee stings you.
You feel sick.
The killer bee attacks as it pursues you!
The killer bee stings you but does no damage.
The killer bee barely misses you. You furiously retaliate!
You headbutt the killer bee! You block the killer bee's attack.
You feel sick. You block the killer bee's attack. The killer bee stings you.
You feel sick.
You feel sick.
A killer bee comes into view.
There is a stone staircase leading up here.
You feel sick.
The killer bee buzzes angrily. x2
You block the killer bee's attack. The killer bee stings you.
You block the killer bee's attack. The killer bee stings you.
You climb upwards.
You feel sick.
There is a stone staircase leading down here.
You are too injured to fight recklessly!
You are too injured to fight recklessly!
You are too injured to fight recklessly!
You miss the killer bee.
The killer bee is severely wounded.
You slash the killer bee!
You feel sick.
You are no longer poisoned.
The killer bee barely misses you. You furiously retaliate!
You headbutt the killer bee.
The killer bee stings you but does no damage.
The killer bee barely misses you. x2; The killer bee closely misses you.
The killer bee misses you. You furiously retaliate!
You headbutt the killer bee. You closely miss the killer bee.
You headbutt the killer bee.
You kill the killer bee!
You closely miss the killer bee. You block the killer bee's attack.
The killer bee closely misses you. x2
Your Axes skill increases to level 5!
You have reached level 6!
You miss the killer bee.
The killer bee is severely wounded.
You block the killer bee's attack. The killer bee stings you.
You are poisoned.
The killer bee poisons you!
You miss the killer bee.
The killer bee is severely wounded.
You feel very sick. The killer bee stings you!
* * * LOW HITPOINT WARNING * * *
You are more poisoned.
The killer bee poisons you! The killer bee stings you.
You die...

### #### #.## #..#
########## ### #...
##........## ##...
##....##....# ###....
#.>########.# ##......
###..# #.## #....... ##...##
#..# #..##### ......##
##..#### ##.##
..##...#####...†@.# ##..#
.######.......(.y.######..##
.#######.................##
......#.....#.......###### #
......#.....#.....### ##
#.....##...##.....# ###.
#......#...#......# #...
.......##.##......##########
#..#
.###....#.#.[..###.........#
#..#


You could see a killer bee.

Vanquished Creatures
  An ogre (D:4)
  A killer bee (D:4)
  2 iguanas (D:4)
  2 adders
  4 ribbon worms
  5 orcs
  6 endoplasms
  2 giant cockroaches
  3 goblins
  7 hobgoblins
  8 jackals
  5 kobolds
  3 quokkas
  7 ball pythons
  3 bats
  3 frilled lizards
  5 rats
67 creatures vanquished.

Notes
Turn   | Place    | Note
-------+----------+-------------------------------------------
     0 | D:1      | Flugslaktarn the Minotaur Fighter began the quest for the
                  | Orb.
     0 | D:1      | Reached XP level 1. HP: 19/19 MP: 0/0
    87 | D:1      | Reached XP level 2. HP: 25/27 MP: 1/1
   844 | D:2      | Reached XP level 3. HP: 33/33 MP: 2/2
  1305 | D:2      | Found a faded altar of an unknown god.
  1901 | D:3      | Noticed Jessica
  2150 | D:3      | Reached XP level 4. HP: 41/41 MP: 3/3
  2533 | D:4      | Got Qishrymy's Annotations on the Shot
  2737 | D:4      | Found a broken altar of Ashenzari.
  2890 | D:4      | Noticed an ogre
  2898 | D:4      | Killed an ogre
  2899 | D:4      | Reached skill level 5 in Fighting
  2899 | D:4      | Reached XP level 5. HP: 37/48 MP: 4/4
  2962 | D:4      | Found a stormy altar of Qazlal.
  3263 | D:4      | Found a sparkling altar of Nemelex Xobeh.
  3380 | D:5      | Entered Level 5 of the Dungeon
  3382 | D:5      | Noticed a phantom
  3400 | D:4      | Reached skill level 5 in Axes
  3400 | D:4      | Reached XP level 6. HP: 17/56 MP: 5/5
  3401 | D:4      | Slain by a killer bee

Illustrated notes

Levels and vault maps discovered:
D:1:      sevenhm_arrival_forest_fort_small_3, layout_basic,
          nrook_mini_backslash
D:2:      layout_loops_corners, nicolae_ecumenical_lake_church
D:3:      layout_rooms, uniq_jessica
D:4:      layout_layer_cave, nemelex_dance_club_becter, kennysheep_mini,
          nicolae_ashenzari_panopticon
D:5:      nicolae_cairo_tiling_large_dashed, layout_cave_pools,
          mainiacjoe_overflow_small_starburst, serial_park

Skill      XL: |  1  2  3  4  5 |
---------------+----------------+-----
Fighting       | 4 5 |  5.5
Axes           | 3 4 5 |  5.0
Armour         | 4 |  4.7
Shields        | 4 |  4.4

Action                     |  1- 3 |  4- 6 || total
---------------------------+-------+-------++-------
  Melee: War axe           |    93 |    52 ||   145
         Headbutt          |    13 |     9 ||    22
    Use: Potion            |       |     1 ||     1
 Armour: Scale mail        |    59 |    44 ||   103
  Dodge: Dodged            |    31 |    33 ||    64
  Block: Buckler           |     6 |       ||     6
         Kite shield       |    20 |    28 ||    48

Table legend: (Time is in decaauts)
 A = Elapsed time spent in this place.
 B = Non-inter-level travel time spent in this place.
 C = Inter-level travel time spent in this place.
 D = Time resting spent in this place.
 E = Time spent auto-exploring this place.
 F = Levels seen in this place.
 G = Mean time per level.
                   A        B        C        D        E       F      G
               +--------+--------+--------+--------+--------+-----+--------+
         Total |   3464 |   3321 |    143 |     37 |   2849 |   5 |  692.8 |
       Dungeon |   3464 |   3321 |    143 |     37 |   2849 |   5 |  692.8 |
               +--------+--------+--------+--------+--------+-----+--------+

Top non-repeatable levels by time:
     D:2: 1134 daAuts
     D:4: 1092 daAuts
     D:1: 793 daAuts
     D:3: 424 daAuts
     D:5: 19 daAuts
